 Dungeon Crawl Stone Soup version 0.30.1-5-ged363bc7ee (webtiles) character file.

Game seed: 6434631754277469663

6169 Kurtz the Cleaver (level 10, 0/61 HPs)
             Began as a Tengu Fighter on Sept 20, 2023.
             Was a Priest of Okawaru.
             Slain by an orc warrior
             ... wielding a +0 long sword
              (10 damage)
             ... on level 9 of the Dungeon.
             The game lasted 00:10:57 (10604 turns).

Kurtz the Cleaver (Tengu Fighter)                  Turns: 10604, Time: 00:10:57

Health: 0/61       AC: 10    Str: 18    XL:     10   Next: 90%
Magic:  12/12      EV: 10    Int: 10    God:    Okawaru [***...]
Gold:   728        SH: 11    Dex: 15    Spells: 9/9 levels left

rFire   + . .        A - +1 whip (freeze)
rCold   . . .        c - +0 buckler
rNeg    + . .        g - +0 chain mail
rPois   .            (helmet restricted)
rElec   .            I - +0 cloak {Will+}
rCorr   .            (no gloves)
SInv    .            (boots unavailable)
Will    +....        y - amulet of reflection Stlth
                     i - ring of protection from fire
HPRegen 0.30/turn    F - ring of positive energy
MPRegen 0.13/turn

%: reflection
@: lethally poisoned (0 -> -4), flying quickly and evasively, quick
A: beak, talons 3, nimble flight
a: Renounce Religion, Heroism


You were on level 9 of the Dungeon.
You worshipped Okawaru.
Okawaru was most pleased with you.
You visited 2 branches of the dungeon, and saw 10 of its levels.

You collected 958 gold pieces.
You spent 230 gold pieces at shops.

Inventory:

Hand Weapons
 a - a +0 war axe
 n - a +2 hammer of draining
 A - a +1 whip of freezing (weapon)
Missiles
 G - 14 poisoned darts (quivered)
Armour
 c - a +0 buckler (worn)
 g - a +0 chain mail (worn)
 I - a +0 cloak of willpower (worn)
Jewellery
 i - a ring of protection from fire (left hand)
 j - a ring of fire
 p - a ring of see invisible
 y - an amulet of reflection (around neck)
 F - a ring of positive energy (right hand)
Wands
 B - a wand of flame (17)
Scrolls
 h - 10 scrolls of teleportation
 m - 2 scrolls of silence
 o - 2 scrolls of fear
 r - 3 scrolls of immolation
 v - 2 scrolls of fog
 w - a scroll of enchant weapon
 D - a scroll of poison {unknown}
 E - a scroll of blinking
 H - a scroll of magic mapping {unknown}
Potions
 d - 2 potions of might
 e - 4 potions of curing
 f - 4 potions of degeneration
 k - a potion of mutation
 l - 2 potions of brilliance
 s - a potion of ambrosia
 t - 2 potions of invisibility
 u - a potion of resistance
 x - 3 potions of attraction
 z - a potion of lignification
 C - a potion of cancellation


   Skills:
 * Level 6.5 Fighting
 - Level 14.3 Axes
 - Level 3.2 Armour
 * Level 4.0 Dodging
 * Level 6.4 Shields
 * Level 1.9 Invocations


You had 9 spell levels left.
You didn't know any spells.
Your spell library contained the following spells:

 Spells                   Type           Power      Damage    Failure   Level
 Freeze                   Ice            0%         1d3       99%         1
 Sandblast                Erth           0%         2d4       99%         1
 Passwall                 Tmut/Erth      0%         N/A       100%        2
 Frozen Ramparts          Ice            0%         1d1       100%        3
 Hailstorm                Conj/Ice       0%         3d3       100%        3
 Ignite Poison            Fire/Tmut/Pois 0%         N/A       100%        3
 Stone Arrow              Conj/Erth      0%         3d7       100%        3
 Ice Form                 Ice/Tmut       0%         N/A       100%        4
 Petrify                  Tmut/Erth      0%         N/A       100%        4
 Sticky Flame             Conj/Fire      0%         2d3       100%        4
 Metabolic Englaciation   Hex/Ice        0%         N/A       100%        5
 Statue Form              Tmut/Erth      0%         N/A       100%        6
 Storm Form               Tmut/Air       0%         N/A       100%        7
 Ignition                 Fire           0%         3d3       100%        8
 Maxwell's Capacitive Co  Air            0%         ∞         100%        8
 Summon Lightning Spire   Summ/Air       Unusable   N/A       N/A         4
 Simulacrum               Ice/Necr       Unusable   N/A       N/A         6

Dungeon Overview and Level Annotations

Branches:
Dungeon (9/15)             Temple (1/1) D:7            Lair (0/5) D:8
    Orc: D:9-12

Altars:
Ashenzari
Cheibriados
Elyvilon
Fedhas
Gozag
Hepliaklqana
Kikubaaqudgha
Makhleb
Nemelex Xobeh
Okawaru
Qazlal
Ru
Vehumet
Yredelemnul
The Shining One

Shops:
D:2 :   D:4 ?   D:6 (   D:8 ?


Innate Abilities, Weirdness & Mutations

You have a beak for a mouth.
You have claws for feet.
Your magical nature lets you fly swiftly and evasively.


Message History

You are more poisoned.
The orc warrior hits you with a +0 long sword.
You hit the orc wizard. You freeze the orc wizard.
Your kick misses the orc wizard. Your peck misses the orc wizard.
The orc wizard is heavily wounded.
You feel sick.
Unknown command.
You whack the orc wizard! You freeze the orc wizard.
You kill the orc wizard!
Okawaru accepts your kill.
You feel sick. You block the orc warrior's attack.
Unknown command.
You closely miss the orc warrior.
You claw the orc warrior, but do no damage.
The orc warrior is heavily wounded.
You feel sick.
You hit the orc warrior but do no damage.
You claw the orc warrior, but do no damage.
You peck the orc warrior, but do no damage.
The orc warrior is heavily wounded.
You feel sick. You block the orc warrior's attack.
You closely miss the orc warrior.
You claw the orc warrior, but do no damage.
The orc warrior is heavily wounded.
You feel sick.
The orc warrior hits you with a +0 long sword.
* * * LOW HITPOINT WARNING * * *
You barely miss the orc warrior.
You peck the orc warrior, but do no damage.
The orc warrior is heavily wounded.
You feel sick.
Unknown command.
You barely miss the orc warrior. Your kick misses the orc warrior.
The orc warrior is heavily wounded.
You feel sick. You block the orc warrior's attack.
You hit the orc warrior. You freeze the orc warrior.
The orc warrior is severely wounded.
You feel sick.
The orc warrior hits you with a +0 long sword!
You die...

.....)....#
##########'####
#.............#
#.............#
#.............#
############..##
.......)#...#
......)o))..#
.......@#...#
........#...#
........#.....
.......>#.......
........#.......#
..#...#####...#.#
. #... ...#..
#...


You could see an orc warrior.

Vanquished Creatures
  2 two-headed ogres
  Pikel (D:5)
  An unseen horror (D:8)
  A hornet (D:8)
  Sigmund (D:2)
  9 yaks (D:8)
  The ghost of Kurtz the Chopper, an amateur TeFi (D:3)
  3 water moccasins
  2 sky beasts (D:8)
  2 ice beasts
  3 black bears
  2 ogres
  A lemure (D:5)
  A phantom (D:4)
  2 kobold brigands
  2 bullfrogs
  A gnoll sergeant (D:8)
  6 scorpions
  A jelly (D:6)
  5 orc priests
  Crazy Yiuf (D:2)
  A gnoll bouda (D:5)
  3 hounds
  An iguana (Temple)
  6 orc wizards
  7 gnolls
  6 adders
  3 white imps
  An ufetubus (D:4)
  2 worms (D:2)
  3 dart slugs
  31 orcs
  5 ball pythons
  5 endoplasms
  4 giant cockroaches
  5 hobgoblins
  17 kobolds
  A quokka (D:2)
  2 bats
  A frilled lizard (D:3)
  4 goblins
  2 rats
158 creatures vanquished.

Vanquished Creatures (others)
  A kobold (D:8)
1 creature vanquished.

Grand Total: 159 creatures vanquished

Notes
Turn   | Place    | Note
-------+----------+-------------------------------------------
     0 | D:1      | Kurtz the Tengu Fighter began the quest for the Orb.
     0 | D:1      | Reached XP level 1. HP: 14/14 MP: 2/2
   460 | D:1      | Reached XP level 2. HP: 18/19 MP: 3/3
   489 | D:1      | Reached skill level 3 in Axes
   787 | D:2      | Found a runed translucent door.
   788 | D:2      | Noticed Crazy Yiuf
   898 | D:2      | Reached XP level 3. HP: 23/23 MP: 4/4
   938 | D:2      | Noticed Sigmund
   948 | D:2      | Killed Sigmund
   949 | D:2      | Reached skill level 6 in Axes
   949 | D:2      | Reached XP level 4. HP: 14/28 MP: 5/5
   949 | D:2      | Gained mutation: Your magical nature lets you fly swiftly
                  | and evasively. [Tengu growth]
   949 | D:2      | Reached XP level 5. HP: 16/32 MP: 6/6
  1184 | D:2      | Found Roje's Book Shoppe.
  1333 | D:3      | Found a runed translucent door.
  1333 | D:3      | Noticed Kurtz's ghost (amateur TeFi)
  1561 | D:3      | You are sucked into a shaft and drop 2 floors!
  1561 | D:5      | Entered Level 5 of the Dungeon
  1774 | D:4      | Found Ewa Vamo's Magic Scroll Shop.
  1781 | D:4      | Reached XP level 6. HP: 35/37 MP: 7/7
  1788 | D:4      | Bought a scroll of teleportation for 30 gold pieces
  1788 | D:4      | Bought a scroll of identify for 20 gold pieces
  1788 | D:4      | Bought a scroll of fog for 40 gold pieces
  1925 | D:3      | Reached skill level 7 in Axes
  2405 | D:4      | Reached skill level 8 in Axes
  2405 | D:4      | Reached XP level 7. HP: 28/41 MP: 8/8
  3242 | D:5      | Noticed Pikel
  3359 | D:5      | Killed Pikel
  3360 | D:5      | Reached skill level 10 in Axes
  3360 | D:5      | Reached XP level 8. HP: 35/46 MP: 9/9
  3640 | D:5      | Reached skill level 11 in Axes
  4281 | D:5      | Found a white marble altar of Elyvilon.
  4282 | D:5      | Found a sacrificial altar of Ru.
  4283 | D:5      | Found a radiant altar of Vehumet.
  4437 | D:6      | Reached skill level 12 in Axes
  4620 | D:6      | Reached XP level 9. HP: 47/50 MP: 10/10
  4655 | D:6      | Found Koups's Antique Weapon Emporium.
  5576 | D:6      | Reached skill level 13 in Axes
  6022 | D:7      | Found a staircase to the Ecumenical Temple.
  6031 | Temple   | Entered the Ecumenical Temple
  6232 | Temple   | Became a worshipper of Warmaster Okawaru
  6467 | D:2      | Killed Crazy Yiuf
  6643 | D:3      | Killed Kurtz's ghost
  7072 | D:7      | Noticed a two-headed ogre
  7088 | D:7      | Killed a two-headed ogre
  7088 | D:7      | Reached * piety under Okawaru
  7089 | D:7      | Reached skill level 14 in Axes
  7141 | D:7      | HP: 1/50 [water moccasin (4)]
  7603 | D:7      | Reached skill level 1 in Dodging
  8445 | D:8      | Reached XP level 10. HP: 28/56 MP: 4/11
  8742 | D:8      | Reached ** piety under Okawaru
  8749 | D:8      | Reached skill level 5 in Fighting
  8991 | D:8      | Found Kyfierur's Magic Scroll Shoppe.
  8999 | D:8      | Bought a scroll of fear for 56 gold pieces
  8999 | D:8      | Bought a scroll of identify for 28 gold pieces
  8999 | D:8      | Bought a scroll of identify for 28 gold pieces
  8999 | D:8      | Bought a scroll of identify for 28 gold pieces
  9001 | D:8      | Identified a scroll of acquirement
  9075 | D:8      | Reached skill level 5 in Shields
  9585 | D:8      | Reached skill level 1 in Invocations
 10195 | D:8      | Found a staircase to the Lair.
 10230 | D:8      | Killed an unseen horror
 10258 | D:8      | Acquired 637 gold pieces
 10422 | D:9      | Noticed a two-headed ogre
 10430 | D:9      | Killed a two-headed ogre
 10430 | D:9      | Reached *** piety under Okawaru
 10604 | D:9      | Slain by an orc warrior

Illustrated notes

Levels and vault maps discovered:
D:1:      dpeg_arrival_stone_temple_mockup, layout_loops_ring
D:2:      layout_basic, serial_shops, shop, uniq_crazy_yiuf_cottage,
          uniq_sigmund
D:3:      layout_loops_ring, hellmonk_ghost_happy_afterlife
D:4:      layout_layer_cave, serial_shops, shop_statue
D:5:      minmay_inner_zag, layout_loops_ring,
          chequers_temple_overflow_statue_of_worship, uniq_pikel
D:6:      layout_basic, serial_shops,
          nicolae_shop_temple_entry_statues_fountains, small_statue_intersection
D:7:      layout_basic, minmay_temple_entry_mini_moons
D:8:      layout_loops_corners, lair_entry_dummy, serial_shops, shop,
          serial_aquarium, aquarium_bridge_long_joined
          [aquarium_subvault_bridge, aquarium_subvault_wall,
          aquarium_subvault_balcony, aquarium_subvault_balcony,
          aquarium_subvault_wall, aquarium_subvault_wall],
          aquarium_window_corridor_1, aquarium_window_corner,
          aquarium_window_double, aquarium_window_fake, aquarium_view_2c,
          aquarium_view_2e
D:9:      layout_grid_maze, chequers_serial_rivers_micro_b
Temple:   dpeg_chambers_temple

Skill      XL: |  1  2  3  4  5  6  7  8  9 10 |
---------------+-------------------------------+-----
Axes           | 3 6 8 10 12 14 | 14.3
Dodging        | 1 4 |  4.0
Fighting       | 4 6 |  6.5
Shields        | 6 |  6.4
Invocations    | 1 |  1.9
Armour         | |  3.2

Action                     |  1- 3 |  4- 6 |  7- 9 | 10-12 || total
---------------------------+-------+-------+-------+-------++-------
  Melee: War axe           |    26 |       |       |       ||    26
         Kick              |    10 |    16 |    90 |    80 ||   196
         Peck              |     3 |    11 |    50 |    52 ||   116
         Mace              |    16 |    65 |    56 |       ||   137
         Whip              |       |       |   242 |   226 ||   468
  Throw: Dart              |       |       |     5 |     4 ||     9
 Invoke: Heroism           |       |       |     1 |     2 ||     3
  Evoke: Wand              |       |       |     9 |       ||     9
    Use: Potion            |       |       |     1 |     3 ||     4
         Scroll            |       |       |       |    16 ||    16
 Armour: Scale mail        |    14 |    24 |    78 |    22 ||   138
         Chain mail        |       |       |       |    22 ||    22
  Dodge: Dodged            |    19 |    24 |    99 |    32 ||   174
  Block: Buckler           |     6 |    12 |    52 |    71 ||   141
         Reflection        |       |       |       |     1 ||     1
